 Dungeon Crawl Stone Soup version 0.20-a0-738-gb057e68 (webtiles) character file.

32 AlphabetPasta the Chopper (level 3, -6/37 HPs)
             Began as a Naga Chaos Knight on Feb 23, 2017.
             Killed from afar by Ijyb (10 damage)
             ... with a wand of lightning (?/15)
             ... on level 2 of the Dungeon.
             The game lasted 00:05:01 (1003 turns).

AlphabetPasta the Chopper (Naga Chaos Knight)       Turns: 1003, Time: 00:05:04

Health: -6/37      AC:  4    Str: 14    XL:     3   Next: 27%
Magic:  3/3        EV:  9    Int: 14    God:    Xom [...*..]
Gold:   76         SH:  0    Dex: 11    Spells: 2/2 levels left

rFire    . . .     SeeInvis +   a - +0 hand axe (chaos)
rCold    + + .     Gourm    .   b - +2 leather armour
rNeg     . . .     Faith    .   (no shield)
rPois    +         Spirit   .   (no helmet)
rElec    .         Reflect  .   (no cloak)
rCorr    .         Harm     .   (no gloves)
MR       .....                  (no barding)
Stlth    ..........             (no amulet)
Regen    0.2/turn               j - ring of loudness (curse)
MPRegen  0.1/turn               i - ring of protection from cold

@: short of breath, very slow
A: see invisible, clever 1, cold resistance 1, deformed body, poison resistance,
robust 1, slowness 2, slow metabolism 1, spit poison 1, AC +1
a: Spit Poison, Renounce Religion


You were on level 2 of the Dungeon.
You worshipped Xom.
You were a favourite toy of Xom.
You were not hungry.

You visited 1 branch of the dungeon, and saw 2 of its levels.

You collected 76 gold pieces.

Inventory:

Hand Weapons
 a - a +0 hand axe of chaos (weapon)
Armour
 b - a +2 leather armour (worn)
 n - a cursed +0 helmet
Jewellery
 i - a ring of protection from cold (left hand)
 j - a cursed ring of loudness (right hand)
Scrolls
 e - a scroll of immolation {unknown}
 f - a scroll of teleportation {unknown}
 h - a scroll of magic mapping {unknown}
 m - a scroll of identify {unknown}
Potions
 l - a potion of heal wounds {unknown}
 o - a potion of berserk rage {unknown}
Comestibles
 c - a bread ration
 d - 2 chunks of flesh
 g - a royal jelly
 p - a meat ration


   Skills:
 + Level 3.3 Fighting
 * Level 3.5 Axes
 + Level 1.9 Armour
 + Level 1.1 Dodging


You had 2 spell levels left.
You didn't know any spells.

Dungeon Overview and Level Annotations

Branches:
Dungeon (2/15)

Altars:
Uskayaw

Annotations:
D:2 Ijyb


Innate Abilities, Weirdness & Mutations

You cannot wear boots.
Your serpentine skin is tough. (AC +1)
You have supernaturally acute eyesight. (SInv)
Armour fits poorly on your strangely shaped body.
Your system is resistant to poisons. (rPois)
You cover ground very slowly.
You have a slow metabolism.
You can spit poison.
Your mind is acute. (Int +2)
Your flesh is cold resistant. (rC+)
You are robust. (+10% HP)


Message History

Ijyb zaps a wand.
The bolt of lightning hits you!
Ouch! That really hurt!
A shower of butterflies erupts from you!
It is a wand of lightning (?/15).
Found a scroll labeled HYTOTE LOJI.
Ijyb looks more healthy.
It was a potion of mutation.
You feel extremely strange. The horns on your head shrink away.
You feel stronger.
You feel robust.
You feel clever.
You feel robust.
You feel resistant to cold.
You have got your breath back.
Press: ? - help, Shift-Dir - straight line, f/p - Ijyb
Aim: Ijyb, wielding a dagger and carrying a wand of lightning (?/15) {zapped: 1} (moderately wounded)
The splash of poison hits Ijyb.
Ijyb is poisoned.
Ijyb is severely wounded.
You feel slightly more hungry.
Ijyb zaps a wand.
The bolt of lightning hits you!
* * * LOW HITPOINT WARNING * * *
You emit a cloud of colourful smoke!
The bolt of lightning hits you!
You die...

... .## ##.###..##
#........# #.#####..#
#.#...#... #K#((.#...
#g#####.# #§§.b...#
###@§._.....
#.§§§..b...?
####§######.... . #....#
...
....###.#############
.......÷...........#####
.....##########.........
.... ........<....)..
... #######.....<...


You could see Ijyb, 2 dancing weapons and a kobold.

Vanquished Creatures
  A dart slug (D:1)
  5 bats (D:1)
  2 giant cockroaches (D:1)
  7 hobgoblins
  4 jackals (D:1)
  2 frilled lizards (D:1)
  2 kobolds (D:1)
  5 rats
28 creatures vanquished.

Notes
Turn   | Place    | Note
-------+----------+-------------------------------------------
     0 | D:1      | AlphabetPasta the Naga Chaos Knight began the quest for the Orb.
     0 | D:1      | Reached XP level 1. HP: 21/21 MP: 1/1
    81 | D:1      | XOM: smoke on damage
   102 | D:1      | Reached XP level 2. HP: 15/28 MP: 2/2
   261 | D:1      | XOM: enchant monster (good)
   319 | D:1      | Reached skill level 1 in Dodging
   687 | D:1      | Reached XP level 3. HP: 34/34 MP: 3/3
   700 | D:1      | XOM: cloud trail
   951 | D:1      | XOM: give mutations
   951 | D:1      | Gained mutation: You are weak. (Str -2) [Xom's mischief]
   951 | D:1      | Gained mutation: You are frail. (-10% HP) [Xom's mischief]
   951 | D:1      | Gained mutation: You have a pair of small horns on your head. [Xom's mischief]
   994 | D:2      | Noticed a hand axe
   994 | D:2      | Noticed a dagger
   995 | D:2      | Found a hide-covered altar of Uskayaw.
   998 | D:2      | Noticed Ijyb
   999 | D:2      | XOM: butterfly on damage
  1002 | D:2      | Lost mutation: You have a pair of small horns on your head. [potion of mutation]
  1002 | D:2      | Lost mutation: You are weak. (Str -2) [potion of mutation]
  1002 | D:2      | Lost mutation: You are frail. (-10% HP) [potion of mutation]
  1002 | D:2      | Gained mutation: Your mind is acute. (Int +2) [potion of mutation]
  1002 | D:2      | Gained mutation: You are robust. (+10% HP) [potion of mutation]
  1002 | D:2      | Gained mutation: Your flesh is cold resistant. (rC+) [potion of mutation]
  1003 | D:2      | XOM: smoke on damage
  1003 | D:2      | Killed from afar by Ijyb

Vault maps used:
D:1:      saegor_arrival_simple_c, minmay_quantized
D:2:      dancing_weapons_uskayaw, lemuel_blue_sif_altar, minmay_tromino_v4_c,
          uniq_iyjb

Skill      XL: |  1  2 |
---------------+-------+-----
Dodging        | 1 |  1.1
Fighting       | |  3.3
Axes           | |  3.5
Armour         | |  1.9

Action                   || total
-------------------------++-------
Melee: Hand axe          ||    51
 Abil: Spit Poison       ||    24
  Use: Potion            ||     1
 Stab: Paralysed         ||     7
  Eat: Chunk             ||     1
Armor: Leather armour    ||    20
Dodge: Dodged            ||    20
